 Dungeon Sprint DCSS version 0.26-a0-672-g1df16c3386 (webtiles) character file.

Game seed: 1508964048774766243

9857 mhtbhm the Peltast (level 11, -8/86 HPs)
             Began as a Gargoyle Fighter on Oct 20, 2020.
             Was a High Priest of Okawaru.
             Mangled by a sun demon (13 damage)
             ... summoned by an orc high priest
             ... in the Dungeon (Sprint IX: "|||||||||||||||||||||||||||||").
             The game lasted 00:05:30 (2357 turns).

mhtbhm the Peltast (Gargoyle Fighter)               Turns: 2357, Time: 00:05:30

Health: -8/86      AC: 41    Str: 26    XL:     11   Next: 53%
Magic:  11/11      EV:  9    Int: 12    God:    Okawaru [*****.]
Gold:   1267       SH: 15    Dex: 12    Spells: 10/10 levels left

rFire    . . .     SeeInvis .   a - +7 morningstar (protect)
rCold    . . .     Faith    .   c - +0 kite shield
rNeg     + . .     Spirit   .   b - +6 plate armour of Bitterness {rElec rCorr Dex+3 Stlth+}
rPois    ∞         Reflect  .   (helmet restricted)
rElec    +         Harm     .   t - +0 cloak
rCorr    +         Rampage  .   o - +0 pair of gloves
MR       .....     Clarity  +   p - +0 pair of boots Stlth ..........NoTele +
                                (no amulet)
HPRegen  0.24/turn              q - +3 ring of intelligence
MPRegen  0.12/turn              r - +3 ring of strength

@: mighty, protection aura
A: antennae 1, clarity, negative energy resistance 1, robust 1, electricity
resistance, unbreathing, petrification resistance, rot immunity, AC +8
a: Heroism, Finesse, Renounce Religion


You were in the Dungeon.
You worshipped Okawaru.
Okawaru was extremely pleased with you.
You visited 1 branch You collected 1267 gold pieces.

Inventory:

Hand Weapons
 a - a +7 morningstar of protection (weapon)
Armour
 b - the +6 plate armour of Bitterness (worn) {rElec rCorr Dex+3 Stlth+}
   (Okawaru gifted it to you in the Dungeon)

   It affects your dexterity (+3).
   It insulates you from electricity.
   It provides partial protection from all sources of acid and corrosion.
   It makes you more stealthy.
 c - a +0 kite shield (worn)
 o - a +0 pair of gloves (worn)
 p - a +0 pair of boots (worn)
 t - a +0 cloak (worn)
Jewellery
 q - a +3 ring of intelligence (left hand)
 r - a +3 ring of strength (right hand)
Wands
 n - a wand of iceblast (8)
Scrolls
 i - 2 scrolls of identify
 j - a scroll of blinking
 l - 6 scrolls of remove curse
 m - 2 scrolls of amnesia
 u - 2 scrolls of fear
 v - 4 scrolls of enchant weapon
 w - a scroll of fog
Potions
 e - 2 potions of curing
 f - a potion of invisibility
 g - a potion of haste
 h - 4 potions of magic
 k - 2 potions of heal wounds
 s - a potion of mutation


   Skills:
 + Level 13.8 Fighting
 + Level 15.1 Maces & Flails
 + Level 13.1 Armour
 + Level 3.8 Dodging
 + Level 18.0 Shields
 + Level 0.1 Invocations
 + Level 0.6 Evocations


You had 10 spell levels left.
You didn't know any spells.
Your spell library was empty.

Dungeon Overview and Level Annotations

Branches:
Dungeon (1/1)

Altars:
Cheibriados
Dithmenos
Elyvilon
Fedhas
Gozag
Hepliaklqana
Kikubaaqudgha
Makhleb
Nemelex Xobeh
Okawaru
Qazlal
Ru
Sif Muna
Trog
Uskayaw
Vehumet
Wu Jian
Xom
Yredelemnul
Zin
The Shining One
Beogh
Jiyva
Lugonu

Shops:
D (


Innate Abilities, Weirdness & Mutations

You are resistant to torment.
Your stone body is resilient. (AC +8)
You are immune to poison.
You resist negative energy. (rN+)
You are resistant to electric shocks. (rElec)
You can survive without breathing.
You are immune to petrification.
You are immune to rotting.
You have a pair of small antennae on your head.
You possess an exceptional clarity of mind.
You are robust. (+10% HP)


Message History

Aim: a sun demon (heavily wounded, summoned)
The mass of ice explodes!
The iceblast engulfs the sun demon!
The sun demon is frozen!
The sun demon is severely wounded.
Unknown command.
Unknown command.
You feel much better. The sun demon hits you!
You are engulfed in flames!
* * * LOW HITPOINT WARNING * * *
Unknown command.
You miss the sun demon.
The sun demon is severely wounded.
The sun demon closely misses you.
The orc high priest calls down the wrath of Beogh upon you.
Beogh smites you!
* * * LOW HITPOINT WARNING * * *
You thump the sun demon!
Your weapon exudes an aura of protection.
The sun demon is almost dead.
The sun demon hits you!
You die...

▓.▓.▓.▓.▓.▓
▓.▓.▓.▓.▓)▓
▓.▓.▓.▓.▓÷▓
▓.▓.▓.▓.▓.▓
▓.▓.▓'▓.▓.▓
▓.▓.▓.▓.▓.▓
▓.▓.▓.▓.▓(▓
▓.▓.▓.▓.▓)▓
▓@▓.▓.▓.▓.▓
▓3▓.▓.▓.▓.▓
▓)▓.▓(▓.▓.▓
▓)▓.▓.▓.▓.▓
▓)▓.▓.▓.▓.▓
▓.▓.▓.▓.▓'▓
▓o▓.▓.▓.▓_▓
▓o▓.▓÷▓.▓_▓
▓.▓.▓.▓.▓_▓


You could see 2 orc high priests and a sun demon (summoned).

Vanquished Creatures
  A hydra (D)
  An orc high priest (D)
  3 orc knights (D)
  9 cane toads (D)
  3 komodo dragons (D)
  3 tyrant leeches (D)
  A hornet (D)
  A polar bear (D)
  3 blink frogs (D)
  A wyvern (D)
  2 yaks (D)
  A water moccasin (D)
  11 orc warriors (D)
  A black bear (D)
  A phantom (D)
  2 centaurs (D)
  5 bullfrogs (D)
  A killer bee (D)
  3 orc priests (D)
  4 orc wizards (D)
  A worker ant (D)
  An adder (D)
  6 orcs (D)
  A bat (D)
  A giant cockroach (D)
  A goblin (D)
  A ball python skeleton (D)
  A ball python zombie (D)
  2 frilled lizards (D)
  A kobold (D)
  A quokka skeleton (D)
74 creatures vanquished.

Notes
Turn   | Place    | Note
-------+----------+-------------------------------------------
     0 | D        | mhtbhm the Gargoyle Fighter began the quest for the Orb.
     0 | D        | Reached XP level 1. HP: 14/14 MP: 1/1
   123 | D        | Noticed a centaur
   132 | D        | Killed a centaur
   132 | D        | Reached skill level 5 in Shields
   132 | D        | Reached XP level 2. HP: 11/22 MP: 2/2
   132 | D        | Reached XP level 3. HP: 14/27 MP: 3/3
   132 | D        | Reached XP level 4. HP: 16/32 MP: 4/4
   143 | D        | Reached skill level 6 in Shields
   319 | D        | Found a roughly hewn altar of Beogh.
   319 | D        | Found a snail-covered altar of Cheibriados.
   319 | D        | Found a shadowy altar of Dithmenos.
   319 | D        | Found a white marble altar of Elyvilon.
   319 | D        | Found a blossoming altar of Fedhas.
   319 | D        | Found an opulent altar of Gozag.
   320 | D        | Found a hazy altar of Hepliaklqana.
   321 | D        | Found a viscous altar of Jiyva.
   322 | D        | Found an ancient bone altar of Kikubaaqudgha.
   323 | D        | Found a corrupted altar of Lugonu.
   324 | D        | Found a burning altar of Makhleb.
   325 | D        | Found a sparkling altar of Nemelex Xobeh.
   326 | D        | Found an iron altar of Okawaru.
   327 | D        | Found a stormy altar of Qazlal.
   328 | D        | Found a sacrificial altar of Ru.
   329 | D        | Found a shimmering blue altar of Sif Muna.
   330 | D        | Found a bloodstained altar of Trog.
   331 | D        | Found a hide-covered altar of Uskayaw.
   332 | D        | Found a radiant altar of Vehumet.
   333 | D        | Found an ornate altar of the Wu Jian Council.
   334 | D        | Found a shimmering altar of Xom.
   335 | D        | Found a basalt altar of Yredelemnul.
   338 | D        | Became a worshipper of Warmaster Okawaru
   341 | D        | Found a glowing silver altar of Zin.
   342 | D        | Found a glowing golden altar of the Shining One.
   408 | D        | Noticed a hornet
   408 | D        | Noticed a wyvern
   408 | D        | Noticed a centaur
   408 | D        | Noticed a bullfrog
   422 | D        | Reached XP level 5. HP: 36/37 MP: 5/5
   434 | D        | Killed a hornet
   434 | D        | Reached skill level 8 in Shields
   434 | D        | Reached XP level 6. HP: 27/44 MP: 6/6
   443 | D        | Killed a wyvern
   443 | D        | Reached * piety under Okawaru
   443 | D        | Reached skill level 9 in Shields
   443 | D        | Reached XP level 7. HP: 32/50 MP: 7/7
   455 | D        | Reached ** piety under Okawaru
   455 | D        | Reached skill level 1 in Dodging
   610 | D        | Reached skill level 10 in Shields
   635 | D        | Reached XP level 8. HP: 54/56 MP: 8/8
   755 | D        | Gained mutation: You are robust. (+10% HP) [potion of
                  | mutation]
   755 | D        | Gained mutation: You have a pair of small antennae on your
                  | head. [potion of mutation]
   755 | D        | Gained mutation: You possess an exceptional clarity of
                  | mind. [potion of mutation]
   757 | D        | Noticed a komodo dragon
   757 | D        | Noticed a cane toad
   757 | D        | Noticed a yak
   757 | D        | Noticed a cane toad
   757 | D        | Noticed a cane toad
   757 | D        | Noticed a blink frog
   760 | D        | Noticed a komodo dragon
   762 | D        | Noticed a cane toad
   776 | D        | Killed a komodo dragon
   776 | D        | Reached *** piety under Okawaru
   776 | D        | Reached skill level 11 in Shields
   780 | D        | Killed a cane toad
   780 | D        | Reached skill level 10 in Fighting
   780 | D        | Reached skill level 10 in Maces & Flails
   780 | D        | Reached skill level 10 in Armour
   780 | D        | Reached skill level 12 in Shields
   785 | D        | Killed a yak
   790 | D        | Killed a cane toad
   790 | D        | Reached skill level 13 in Shields
   790 | D        | Reached XP level 9. HP: 26/69 MP: 9/9
   795 | D        | Killed a cane toad
   795 | D        | Reached **** piety under Okawaru
   798 | D        | Killed a komodo dragon
   798 | D        | Reached skill level 14 in Shields
   801 | D        | Killed a cane toad
   814 | D        | Reached ***** piety under Okawaru
  1079 | D        | Noticed a six-headed hydra
  1079 | D        | Noticed a cane toad
  1079 | D        | Noticed a cane toad
  1079 | D        | Noticed a polar bear
  1080 | D        | Noticed a komodo dragon
  1086 | D        | Killed a six-headed hydra
  1086 | D        | Received a gift from Okawaru
  1086 | D        | Reached skill level 15 in Shields
  1086 | D        | Reached XP level 10. HP: 78/78 MP: 10/10
  1087 | D        | Noticed a cane toad
  1097 | D        | Killed a cane toad
  1101 | D        | Killed a cane toad
  1138 | D        | Reached skill level 16 in Shields
  1148 | D        | Killed a cane toad
  1165 | D        | Got a buzzing plate armour {god gift}
  1171 | D        | Identified the +6 plate armour of Bitterness {rElec rCorr
                  | Dex+3 Stlth+} (Okawaru gifted it to you in the Dungeon)
  1387 | D        | Noticed a cane toad
  1387 | D        | Noticed a cane toad
  1393 | D        | Killed a cane toad
  1397 | D        | Killed a cane toad
  1459 | D        | Reached XP level 11. HP: 63/84 MP: 11/11
  1737 | D        | Noticed an orc knight
  1757 | D        | Killed an orc knight
  1757 | D        | Reached skill level 17 in Shields
  1981 | D        | Noticed an orc knight
  2017 | D        | Killed an orc knight
  2017 | D        | Received a gift from Okawaru
  2037 | D        | Noticed an orc knight
  2069 | D        | Killed an orc knight
  2321 | D        | Found Lekkeupa's Antique Weapon Emporium.
  2321 | D        | Noticed an orc high priest
  2321 | D        | Noticed an orc high priest
  2321 | D        | Noticed an orc high priest
  2321 | D        | Noticed an orc high priest
  2322 | D        | Noticed a sun demon
  2326 | D        | Killed an orc high priest
  2326 | D        | Reached skill level 15 in Maces & Flails
  2326 | D        | Reached skill level 18 in Shields
  2330 | D        | HP: 4/86 [sun demon[an orc high priest] (16)]
  2357 | D        | Mangled by a sun demon

Illustrated notes

Levels and vault maps discovered:
D:        linesprint [early_d, line_temple, items_1, d_10, items_2, lair_1,
          lair_end, items_3, orc_1, orc_end, items_4, d_15, swamp_1, shoals_1,
          snake_1, spider_1, d_20, vaults_1, items_5, swamp_end, shoals_end,
          snake_end, spider_end, vaults_end, d_27, items_6, zot_1, zot_end,
          crypt_end, forest_end, elf_end, slime_end, tomb_end, abyss_end,
          pan_hell_end]

Skill      XL: |  1  2  3  4  5  6  7  8  9 10 11 |
---------------+----------------------------------+-----
Fighting       | 6 8 9 10 11 12 13 | 13.8
Maces & Flails | 3 4 6 7 9 11 13 14 15 | 15.1
Armour         | 6 8 9 10 11 12 13 | 13.1
Shields        | 5 6 8 9 10 13 15 16 18 | 18.0
Dodging        | 1 2 3 |  3.8
Invocations    | |  0.1
Evocations     | |  0.6

Action                   |  1- 3 |  4- 6 |  7- 9 | 10-12 || total
-------------------------+-------+-------+-------+-------++-------
Melee: Flail             |    21 |    47 |    95 |   284 ||   447
       Morningstar       |       |       |       |    46 ||    46
Invok: Heroism           |       |       |       |     1 ||     1
Evoke: Wand              |       |       |       |     2 ||     2
  Use: Potion            |     1 |     2 |     5 |     4 ||    12
       Scroll            |       |       |       |     1 ||     1
Armor: Scale mail        |     9 |     3 |       |       ||    12
       Plate armour      |       |    22 |    36 |    97 ||   155
Dodge: Dodged            |     7 |    15 |    15 |    46 ||    83
Block: Kite shield       |     7 |    36 |    45 |   143 ||   231

Table legend: (Time is in decaauts)
 A = Elapsed time spent in this place.
 B = Non-inter-level travel time spent in this place.
 C = Inter-level travel time spent in this place.
 D = Time resting spent in this place.
 E = Time spent auto-exploring this place.
 F = Levels seen in this place.
 G = Mean time per level.
                   A        B        C        D        E       F      G
               +--------+--------+--------+--------+--------+-----+--------+
         Total |   2284 |   2284 |      0 |   1295 |    151 |   1 | 2284.0 |
       Dungeon |   2284 |   2284 |      0 |   1295 |    151 |   1 | 2284.0 |
               +--------+--------+--------+--------+--------+-----+--------+

Top non-repeatable levels by time:
       D: 2284 daAuts
